 Dungeon Crawl Stone Soup version 0.30.0-29-ga12c61a403 (webtiles) character file.

Game seed: 8424523125876225497

71 qw the Chopper (level 4, -2/28 HPs)
             Began as a Gargoyle Fighter on June 4, 2023.
             Killed from afar by Blork the orc (6 damage)
             ... with a magic dart
             ... on level 4 of the Dungeon.
             The game lasted 00:00:46 (1396 turns).

qw the Chopper (Gargoyle Fighter)                   Turns: 1396, Time: 00:00:47

Health: -2/28      AC: 15    Str: 21    XL:     4   Next: 24%
Magic:  4/4        EV:  5    Int:  9    God:
Gold:   93         SH:  4    Dex:  9    Spells: 3/3 levels left

rFire   . . .        Y - +0 war axe
rCold   . . .        c - +0 buckler
rNeg    + . .        j - +0 plate armour
rPois   inf          (no helmet)
rElec   +            (no cloak)
rCorr   .            (no gloves)
SInv    .            (no boots)
Will    .....        (no amulet) Stlth
                     (no ring)
HPRegen 0.24/turn    (no ring)
MPRegen 0.09/turn

%: no passive effects
@: about to teleport
A: sickness immunity, AC +3, negative energy resistance 1, electricity
resistance, torment resistance 1, petrification resistance
a: no special abilities


You were on level 4 of the Dungeon.
You visited 1 branch of the dungeon, and saw 3 of its levels.

You collected 93 gold pieces.


Innate Abilities, Weirdness & Mutations

You are immune to sickness and miasma.
Your stone body is resilient. (AC +3)
You are immune to poison.
You resist negative energy. (rN+)
You are resistant to electric shocks. (rElec)
You are resistant to unholy torment.
You are immune to petrification.


   Skills:
 - Level 3.2 Fighting
 + Level 4.0 Axes
 - Level 3.2 Armour
 - Level 3.2 Shields


You had 3 spell levels left.
You didn't know any spells.
Your spell library was empty.

Inventory:

Hand Weapons
 l - a +0 club
 Y - a +0 war axe (weapon)
Missiles
 b - 3 boomerangs (quivered)
Armour
 c - a +0 buckler (worn)
 j - a +0 plate armour (worn)
Scrolls
 a - 2 scrolls of identify {unknown}
Potions
 d - a potion of might
 g - a potion of heal wounds {unknown}
 m - a potion of curing {unknown}

Dungeon Overview and Level Annotations

Branches:
Dungeon (2/15)

Altars:

Annotations:
D:4 Blork the orc


Message History

Found a stone staircase leading down and a stone staircase leading up.
A sourceless malevolence fills the Dungeon...
You fall into a shaft and drop 2 floors!
The shaft crumbles and collapses.
Waypoint 2 assigned to D:4.
Blork the orc comes into view.
He is wielding a +6 halberd of venom.
Found a cloak.
Blork the orc shouts!
Blork the orc screams, "I'm going to kill you!"
Blork the orc points at you and mumbles some strange words.
The magic dart hits you!
You hit Blork the orc.
Blork the orc is lightly wounded.
Blork the orc hits you with a +6 halberd of venom.
You slash Blork the orc!
Blork the orc is heavily wounded.
Blork the orc barely misses you.
You closely miss Blork the orc.
Blork the orc is heavily wounded.
Blork the orc hits you but does no damage.
Blork the orc hits you with a +6 halberd of venom.
You closely miss Blork the orc.
Blork the orc is heavily wounded.
Blork the orc barely misses you.
You closely miss Blork the orc.
Blork the orc is heavily wounded.
Blork the orc barely misses you.
You closely miss Blork the orc.
Blork the orc is heavily wounded.
Blork the orc miscasts a cantrip.
Blork the orc hits you with a +6 halberd of venom!
1395 ||| READING scroll of teleportation.
As you read the scroll of teleportation, it crumbles to dust.
You feel strangely unstable.
Blork the orc hits you but does no damage.
You slash Blork the orc!
Blork the orc is almost dead.
Blork the orc casts a spell at you. The magic dart hits you.
You die...

#. ..#
#.. #.#
..[. #.#
##...##.#
#.......#
.. ...#
#.##.####
#....@o.#
####.##.#
#.#####.#
#
#.......#
#########


You could see Blork the orc.

Vanquished Creatures
  An adder (D:2)
  2 worms (D:2)
  6 dart slugs (D:1)
  6 endoplasms (D:1)
  3 goblins (D:1)
  4 hobgoblins
  4 jackals (D:1)
  A quokka (D:1)
  5 ball pythons
  2 bats
  A frilled lizard (D:1)
  5 kobolds
  3 rats
43 creatures vanquished.

Notes
Turn   | Place    | Note
-------+----------+-------------------------------------------
     0 | D:1      | qw the Gargoyle Fighter began the quest for the Orb.
     0 | D:1      | Reached XP level 1. HP: 14/14 MP: 1/1
     0 | D:1      | 0 ||| qw: Version: 0.2-a-107-g4668610
     0 | D:1      | 0 ||| qw: Game counter: 1268
     0 | D:1      | 0 ||| qw: Always use a shield: true
     0 | D:1      | 0 ||| qw: God list: Okawaru
     0 | D:1      | 0 ||| qw: Allow faded altars: false
     0 | D:1      | 0 ||| qw: Do Orc after D:15 true
     0 | D:1      | 0 ||| qw: Do second Lair branch before Depths: true
     0 | D:1      | 0 ||| qw: Lair rune preference: random
     0 | D:1      | 0 ||| qw: Plans: Normal, Zot:1-4, Slime:5, God:TSO, Crypt,
                  | Tomb, Abyss, Pan, Hells, Win
     0 | D:1      | 0 ||| PLANNING D:1-11
     6 | D:1      | Noticed a lindwurm
     6 | D:1      | Noticed a redback
     7 | D:1      | Noticed a swamp drake
     7 | D:1      | Noticed a water moccasin
    18 | D:1      | Reached skill level 2 in Axes
    42 | D:1      | 42 ||| Stepping ~*~*~tactically~*~*~ (stealth).
   117 | D:1      | 117 ||| Stepping ~*~*~tactically~*~*~ (hiding).
   125 | D:1      | Reached XP level 2. HP: 19/19 MP: 2/2
   314 | D:1      | Reached skill level 3 in Axes
   361 | D:1      | Reached XP level 3. HP: 23/23 MP: 3/3
   453 | D:1      | 453 ||| Stepping ~*~*~tactically~*~*~ (hiding).
   937 | D:1      | 937 ||| FLEEEEING.
   938 | D:1      | 938 ||| FLEEEEING.
   986 | D:1      | 986 ||| Stepping ~*~*~tactically~*~*~ (hiding).
  1023 | D:1      | 1023 ||| Stepping ~*~*~tactically~*~*~ (hiding).
  1024 | D:1      | 1024 ||| Stepping ~*~*~tactically~*~*~ (hiding).
  1093 | D:1      | 1093 ||| UPGRADING to +0 plate armour.
  1103 | D:1      | 1103 ||| DROPPING +0 scale mail.
  1104 | D:1      | 1104 ||| DROPPING ring of magical power.
  1105 | D:1      | 1105 ||| READING scroll labelled SOIQEN CUORASU.
  1106 | D:1      | 1106 ||| READING scroll labelled POR WENNUCA.
  1107 | D:1      | 1107 ||| READING scroll labelled ARUREIRUOH.
  1108 | D:1      | 1108 ||| READING scroll labelled WAREUVESUR.
  1109 | D:1      | 1109 ||| READING scroll labelled FABBON KUZ.
  1141 | D:2      | Reached XP level 4. HP: 28/28 MP: 4/4
  1250 | D:2      | Reached skill level 4 in Axes
  1381 | D:2      | You fall into a shaft and drop 2 floors!
  1387 | D:4      | Noticed Blork the orc
  1394 | D:4      | HP: 3/28 [Blork the orc/+6 halberd of venom (7)]
  1395 | D:4      | 1395 ||| READING scroll of teleportation.
  1396 | D:4      | Killed from afar by Blork the orc

Levels and vault maps discovered:
D:1:      onia_arrival_zoo_common, layout_loops_corners
D:2:      layout_basic
D:4:      layout_loops_cross, mainiacjoe_overflow_catwalk, uniq_blork_the_orc,
          uniq_grinder, uniq_pikel

Skill      XL: |  1  2  3  4 |
---------------+-------------+-----
Axes           | 2 3 4 |  4.0
Fighting       | |  3.2
Armour         | |  3.2
Shields        | |  3.2

Action                     |  1- 3 |  4- 6 || total
---------------------------+-------+-------++-------
  Melee: War axe           |    98 |    32 ||   130
  Throw: Boomerang         |       |     2 ||     2
    Use: Scroll            |     5 |     1 ||     6
 Armour: Scale mail        |    41 |       ||    41
         Plate armour      |    15 |    18 ||    33
  Dodge: Dodged            |    44 |     9 ||    53
  Block: Buckler           |    11 |     2 ||    13

Table legend:
 A = Non-vault XP
 B = Vault XP
 C = Vault XP percentage of total XP
 D = Non-vault monster count
 E = Vault monster count
 F = Vault count percentage of total count
                 A         B        C        D         E       F
            +---------+---------+-------+---------+---------+-------
      Total |     102 |       0 |   0.0 |      43 |       0 |   0.0
            +---------+---------+-------+---------+---------+-------
        D:1 |      70 |       0 |   0.0 |      34 |       0 |   0.0
        D:2 |      32 |       0 |   0.0 |       9 |       0 |   0.0
            +---------+---------+-------+---------+---------+-------
